[Event "Titled Tuesday Blitz October 18 Late 2022"]
[White "Riehle, Marco"]
[Black "Keymer, Vincent"]
[WhiteFideId "12904392"]
[BlackFideId "12940690"]
[WhiteElo "2462"]
[BlackElo "2600"]
[Result "0-1"]
[Round "03"]
[TimeControl "180+1"]
[Date "2022.10.18"]
[WhiteClock "0:00:34"]
[BlackClock "0:00:27"]

1. e4 c5 2. a3 e6 3. b4 d5 4. exd5 exd5 5. Nf3 Nf6 6. Bb5+ Bd7 7. Bxd7+ Nbxd7 8. O-O Be7 9. d4 cxb4 10. axb4 O-O 11. c3 Ne4 12. Qd3 Qc7 13. Re1 Rfe8 14. Bb2 Bd6 15. Nbd2 Ndf6 16. h3 a6 17. Nb3 Re7 18. Nc5 Rae8 19. Red1 h6 20. Nd2 Nh5 21. Ndxe4 dxe4 22. Qe3 Bf4 23. Qe2 Nf6 24. c4 e3 25. f3 Bh2+ 26. Kf1 Nh5 27. Ne4 Rxe4 28. fxe4 Ng3+ 29. Ke1 Nxe2 30. Kxe2 Qg3 31. Rf1 Qxg2+ 32. Kxe3 Rxe4+ 0-1


[Site "https://www.chess.com"]

[Event "Titled Tuesday Blitz October 18 Late 2022"]
[White "Rodriguez Santiago, Jaime"]
[Black "Kunin, Vitaly"]
[WhiteFideId "3100898"]
[BlackFideId "4128737"]
[WhiteElo "2025"]
[BlackElo "2417"]
[Result "0-1"]
[Round "03"]
[TimeControl "180+1"]
[Date "2022.10.19"]
[WhiteClock "0:00:06"]
[BlackClock "0:00:21"]

1. c4 e5 2. Nc3 Nc6 3. g3 f5 4. Bg2 Nf6 5. e3 Bb4 6. Nge2 O-O 7. O-O d6 8. d3 Bxc3 9. Nxc3 Be6 10. Rb1 Kh8 11. b4 Rb8 12. a4 Qd7 13. f4 Rbe8 14. h3 Bg8 15. b5 Nd8 16. a5 e4 17. dxe4 Bxc4 18. Rf2 fxe4 19. b6 axb6 20. axb6 c6 21. g4 d5 22. g5 Ng8 23. Nxe4 Qf5 24. Nc3 Ne6 25. Bb2 Nxg5 26. Ne2 Nxh3+ 27. Bxh3 Qxh3 28. Qd4 Nf6 29. Rg2 Qxe3+ 30. Qxe3 Rxe3 31. Ng3 Bd3 32. Ra1 Bg6 33. f5 Bf7 34. Ra7 Rb8 35. Nf1 Rb3 36. Be5 Re8 37. Rxb7 Rxe5 38. Rxf7 Rxb6 39. Rf8+ Ng8 40. f6 Rb7 41. f7 Rxf7 42. Rxf7 g6 43. Rf8 Kg7 44. Rgf2 Nh6 45. Re8 Rxe8 46. Ng3 Nf5 47. Kg2 Nxg3 48. Kxg3 Rf8 49. Rc2 Rf6 50. Rc5 Kf7 51. Kg4 Ke7 52. Kg5 Kd6 53. Rc3 Rf5+ 0-1


[Site "https://www.chess.com"]

[Event "Titled Tuesday Blitz October 18 Late 2022"]
[White "Roque Sola, Gisela"]
[Black "Bellissimo, Joseph F."]
[WhiteFideId "5120241"]
[BlackFideId "2609843"]
[WhiteElo "1961"]
[BlackElo "2103"]
[Result "0-1"]
[Round "03"]
[TimeControl "180+1"]
[Date "2022.10.19"]
[WhiteClock "0:00:15"]
[BlackClock "0:00:14"]

1. e4 e6 2. d4 d5 3. Nd2 Nf6 4. e5 Nfd7 5. Bd3 c5 6. c3 Nc6 7. Ne2 cxd4 8. cxd4 f6 9. exf6 Qxf6 10. Nf3 h6 11. O-O Bd6 12. Ng3 O-O 13. Bb1 Rd8 14. Qd3 Nf8 15. a3 Bd7 16. Re1 Be8 17. Ba2 Bg6 18. Qe2 Nxd4 19. Nxd4 Qxd4 20. Be3 Qf6 21. Rad1 Kh8 22. Bd4 e5 23. Bxe5 Bxe5 24. Qxe5 Qb6 25. Nf5 Rd7 26. Ne7 d4 27. Nxg6+ Nxg6 28. Qf5 Rd6 29. b4 Rf8 30. Qc5 Qd8 31. Bb1 Qf6 32. Re2 Nf4 33. Red2 Rd5 34. Qc7 Rg5 35. f3 Nxg2 36. Rxg2 Rxg2+ 37. Kxg2 Qxf3+ 38. Kg1 Qxd1+ 39. Kg2 Qf3+ 40. Kg1 Qf1# 0-1


[Site "https://www.chess.com"]

[Event "Titled Tuesday Blitz October 18 Late 2022"]
[White "Rosen, Eric"]
[Black "Carbone, Diego"]
[WhiteFideId "2032562"]
[BlackFideId "3002179"]
[WhiteElo "2362"]
[BlackElo "2243"]
[Result "1-0"]
[Round "03"]
[TimeControl "180+1"]
[Date "2022.10.19"]
[WhiteClock "0:01:30"]
[BlackClock "0:01:02"]

1. d4 Nf6 2. Bf4 d5 3. e3 e6 4. Nf3 c5 5. Nbd2 Nc6 6. c3 Bd6 7. Bg3 O-O 8. Bb5 a6 9. Bxc6 bxc6 10. Qa4 Bxg3 11. hxg3 Qb6 12. b3 cxd4 13. cxd4 c5 14. dxc5 Qxc5 15. O-O Bd7 16. Qf4 Rac8 17. g4 h6 18. g5 hxg5 19. Nxg5 Bb5 20. Rfe1 Bd3 21. Ndf3 Qc7 22. Qh4 Bg6 23. Rad1 Rfd8 24. Rd4 Qe7 25. Ne5 Ne4 26. Rxe4 Bxe4 27. Nexf7 Rf8 28. Qh8# 1-0


[Site "https://www.chess.com"]

[Event "Titled Tuesday Blitz October 18 Late 2022"]
[White "Rostomyan, Mikayel"]
[Black "Thomforde-Toates, Noah"]
[WhiteFideId "13313754"]
[BlackFideId "30951992"]
[WhiteElo "2018"]
[BlackElo "2648"]
[Result "0-1"]
[Round "03"]
[TimeControl "180+1"]
[Date "2022.10.18"]
[WhiteClock "0:00:17"]
[BlackClock "0:00:22"]

1. d4 Nf6 2. Nf3 g6 3. b3 Bg7 4. Bb2 O-O 5. e3 d5 6. Be2 b6 7. O-O Bb7 8. a4 a5 9. c4 Nbd7 10. Nc3 e6 11. Rc1 c5 12. Nb5 Qe7 13. Qc2 Rac8 14. Qb1 Ne4 15. Rfd1 f5 16. cxd5 exd5 17. dxc5 bxc5 18. Nc3 Ndf6 19. h3 Bh6 20. Qd3 f4 21. exf4 Bxf4 22. Ra1 Rce8 23. Bf1 Nxf2 24. Qb5 Qe3 25. Re1 Nxh3+ 26. Kh1 Qg1+ 27. Nxg1 Nf2# 0-1


[Site "https://www.chess.com"]

[Event "Titled Tuesday Blitz October 18 Late 2022"]
[White "Sabar, Ethmane Daouda"]
[Black "Golubev, Mikhail"]
[WhiteFideId "19600097"]
[BlackFideId "14100983"]
[WhiteElo "1950"]
[BlackElo "2374"]
[Result "0-1"]
[Round "03"]
[TimeControl "180+1"]
[Date "2022.10.19"]
[WhiteClock "0:00:55"]
[BlackClock "0:00:06"]

1. b3 d6 2. Bb2 Nd7 3. e3 e5 4. f4 exf4 5. exf4 Ngf6 6. Nf3 Be7 7. g3 O-O 8. Bg2 Re8 9. O-O Nf8 10. c4 Bf5 11. d4 Qd7 12. Re1 Bh3 13. Bh1 h6 14. d5 c6 15. Nc3 c5 16. Qd2 Ng6 17. Re2 Bg4 18. Rae1 h5 19. Ne4 Nxe4 20. Rxe4 h4 21. Ng5 Bf5 22. R4e3 hxg3 23. hxg3 Bxg5 24. fxg5 Rxe3 25. Qxe3 Ne5 26. Bxe5 Re8 27. Qf4 dxe5 28. Qxe5 Rxe5 29. Rxe5 Bg6 30. Kf2 Qg4 31. Bf3 Qd4+ 32. Re3 Kf8 33. Ke2 b6 34. g4 Qb2+ 35. Ke1 Qc1+ 36. Kf2 Qb2+ 37. Re2 Qd4+ 38. Ke1 Bd3 39. Rd2 Qe3+ 40. Kd1 Qg1# 0-1


[Site "https://www.chess.com"]

[Event "Titled Tuesday Blitz October 18 Late 2022"]
[White "Sadhwani, Raunak"]
[Black "Ozen, Bahadir"]
[WhiteFideId "35093487"]
[BlackFideId "6337058"]
[WhiteElo "2656"]
[BlackElo "2503"]
[Result "1-0"]
[Round "03"]
[TimeControl "180+1"]
[Date "2022.10.18"]
[WhiteClock "0:00:28"]
[BlackClock "0:00:35"]

1. e3 g6 2. Nc3 Bg7 3. b3 b6 4. Bb2 Bb7 5. d4 Nf6 6. Nf3 O-O 7. Bd3 c5 8. O-O d6 9. Ne2 Nbd7 10. Ng3 Qc7 11. c4 e6 12. e4 cxd4 13. Nxd4 a6 14. Rc1 Rac8 15. Qe2 Qb8 16. Bb1 Rfd8 17. f4 Nc5 18. Rcd1 e5 19. Ndf5 gxf5 20. Nxf5 Ne6 21. Qe1 Bh8 22. Qg3+ Kf8 23. fxe5 dxe5 24. Bxe5 Nxe4 25. Bxb8 Nxg3 26. Bxg3 Rxd1 27. Rxd1 Rd8 28. Rxd8+ Nxd8 29. Bc7 Ne6 30. Bxb6 Be5 31. Be3 h5 32. g3 Ke8 33. Kf2 Kd7 34. Bd3 a5 35. Be2 a4 36. bxa4 Bc6 37. Bxh5 Bxa4 38. Bxf7 Nd8 39. Bd5 Bc2 40. Nd4 Bb1 41. a4 1-0


[Site "https://www.chess.com"]

[Event "Titled Tuesday Blitz October 18 Late 2022"]
[White "Sanchez, Robert"]
[Black "Lima, Endson Dos Santos"]
[WhiteFideId "2034360"]
[BlackFideId "2133199"]
[WhiteElo "2376"]
[BlackElo "1953"]
[Result "1/2-1/2"]
[Round "03"]
[TimeControl "180+1"]
[Date "2022.10.19"]
[WhiteClock "0:00:40"]
[BlackClock "0:01:21"]

1. e4 c5 2. Nf3 d6 3. d4 cxd4 4. Nxd4 Nf6 5. Nc3 a6 6. Be3 e5 7. Nb3 Be7 8. f3 O-O 9. Qd2 Be6 10. O-O-O a5 11. Kb1 a4 12. Nc1 a3 13. b3 Ra5 14. Qf2 Nbd7 15. Bb5 d5 16. Bxd7 Qxd7 17. exd5 Nxd5 18. Nxd5 Rxd5 19. Rxd5 Bxd5 20. Rd1 Qc6 21. Nd3 f6 22. Bc5 Bxc5 23. Qxc5 Rc8 24. Qxc6 Bxc6 25. Nb4 Be8 26. c4 Kf8 27. Nc2 Bg6 28. Kc1 b5 29. Nxa3 bxc4 30. Nxc4 Bf7 31. Kb2 Bxc4 32. bxc4 Rxc4 33. Kb3 Rc7 34. a4 Ke7 35. Kb4 Ke6 36. Kb5 f5 37. a5 Rc2 38. a6 Rb2+ 39. Kc6 Rc2+ 40. Kb7 Rb2+ 41. Kc7 Rc2+ 42. Kb7 Rb2+ 43. Kc7 Rc2+ 44. Kb7 1/2-1/2


[Site "https://www.chess.com"]

[Event "Titled Tuesday Blitz October 18 Late 2022"]
[White "Sargsyan, Anna M."]
[Black "Leschinsky, Gary"]
[WhiteFideId "13308130"]
[BlackFideId "30951321"]
[WhiteElo "2284"]
[BlackElo "1855"]
[Result "1-0"]
[Round "03"]
[TimeControl "180+1"]
[Date "2022.10.19"]
[WhiteClock "0:02:00"]
[BlackClock "0:00:18"]

1. d4 d5 2. c4 c6 3. Nf3 Nf6 4. Nc3 e6 5. e3 Nbd7 6. Bd3 dxc4 7. Bxc4 b5 8. Bd3 Bd6 9. Qc2 O-O 10. e4 e5 11. Bg5 h6 12. Bh4 Bb7 13. O-O-O a6 14. Kb1 exd4 15. Nxd4 c5 16. Nf5 Be5 17. Nd5 Bxd5 18. exd5 c4 19. Be4 Nc5 20. f3 Qb6 21. d6 Nfxe4 22. fxe4 a5 23. Bf2 g6 24. Rd5 gxf5 25. Bxc5 1-0


[Site "https://www.chess.com"]

[Event "Titled Tuesday Blitz October 18 Late 2022"]
[White "Schut, Han"]
[Black "Bilan, Danila"]
[WhiteFideId "1005561"]
[BlackFideId "24161918"]
[WhiteElo "2024"]
[BlackElo "2203"]
[Result "0-1"]
[Round "03"]
[TimeControl "180+1"]
[Date "2022.10.19"]
[WhiteClock "0:00:01"]
[BlackClock "0:00:08"]

1. e4 c6 2. d4 d5 3. e5 c5 4. dxc5 Nc6 5. a3 Nxe5 6. b4 Nf6 7. Bb2 Ng6 8. c4 e6 9. cxd5 Nxd5 10. Nf3 Bd7 11. Nc3 Nf6 12. Nb5 Nd5 13. Ne5 Nxe5 14. Bxe5 f6 15. Nd6+ Bxd6 16. Bxd6 a6 17. Qh5+ g6 18. Qh6 Kf7 19. Bc4 Bc6 20. O-O Qd7 21. Rfe1 Rae8 22. Rad1 Nc7 23. Qe3 Bd5 24. Bxc7 Qxc7 25. Bxd5 exd5 26. Qf3 Rxe1+ 27. Rxe1 Qd7 28. h3 Rd8 29. Qd3 d4 30. Re4 Qd5 31. f3 Rd7 32. a4 Qa2 33. Kh2 Qd5 34. Rf4 Qe5 35. g3 f5 36. h4 Kf6 37. Kh3 h6 38. Qd2 g5 39. hxg5+ hxg5 40. c6 Rh7+ 41. Kg2 gxf4 42. gxf4 Qe3 43. Qc2 Rg7+ 0-1


[Site "https://www.chess.com"]

[Event "Titled Tuesday Blitz October 18 Late 2022"]
[White "Shimanov, Aleksandr"]
[Black "Harvey, Marcus R"]
[WhiteFideId "4198603"]
[BlackFideId "400092"]
[WhiteElo "2605"]
[BlackElo "2457"]
[Result "1-0"]
[Round "03"]
[TimeControl "180+1"]
[Date "2022.10.18"]
[WhiteClock "0:00:22"]
[BlackClock "0:00:07"]

1. b3 d5 2. Bb2 Bf5 3. d3 Nf6 4. Nd2 e6 5. g3 a5 6. a3 Na6 7. Bg2 Nc5 8. e3 h6 9. Qe2 Bh7 10. e4 Be7 11. h4 O-O 12. g4 dxe4 13. dxe4 e5 14. g5 Nfd7 15. gxh6 Ne6 16. hxg7 Re8 17. Nh3 Nd4 18. Bxd4 exd4 19. Ng5 Bxg5 20. hxg5 Qxg5 21. O-O-O Bg6 22. Rdg1 Kxg7 23. Bh3 Qc5 24. Bxd7 Red8 25. Qb5 Qxa3+ 26. Kd1 Qe7 27. Bf5 c6 28. Qd3 a4 29. Qh3 Rh8 30. Qd3 a3 31. Qxd4+ Qf6 32. Qxf6+ Kxf6 33. Rxh8 Rxh8 34. Ke2 Ra8 35. Bxg6 a2 36. Ra1 fxg6 37. Kd3 Ke5 38. Kc3 Rd8 39. Rxa2 1-0


[Site "https://www.chess.com"]

[Event "Titled Tuesday Blitz October 18 Late 2022"]
[White "Sivakumar, Shaaketh"]
[Black "Melikhov, Evgeny V."]
[WhiteFideId "30940176"]
[BlackFideId "4122046"]
[WhiteElo "2174"]
[BlackElo "2169"]
[Result "1-0"]
[Round "03"]
[TimeControl "180+1"]
[Date "2022.10.19"]
[WhiteClock "0:00:16"]
[BlackClock "0:00:01"]

1. d4 Nf6 2. Nf3 d5 3. Bf4 c5 4. e3 Nc6 5. Nbd2 cxd4 6. exd4 Bg4 7. c3 e6 8. Bb5 a6 9. Bxc6+ bxc6 10. Qa4 Qb6 11. Ne5 Rc8 12. Nxg4 Nxg4 13. O-O Nf6 14. Nb3 Be7 15. c4 dxc4 16. Qxc4 Nd5 17. Be5 O-O 18. Rac1 Qb5 19. a4 Qxc4 20. Rxc4 Nb6 21. Rc2 Nxa4 22. Ra1 Nb6 23. Rxa6 Nd5 24. Rcxc6 Rxc6 25. Rxc6 Ra8 26. g3 h6 27. Kg2 Ra2 28. Rc2 g5 29. Rc8+ Kh7 30. Rh8+ Kg6 31. Rg8+ Kf5 32. Kf3 g4+ 33. Rxg4 Rxb2 34. Nc1 Rxf2+ 35. Kxf2 Kxg4 36. Nd3 h5 37. Kg2 Ne3+ 38. Kf2 Nd5 39. Bf4 Nxf4 40. gxf4 Bd6 41. Ke3 Kh3 42. Nf2+ Kxh2 43. Kf3 h4 44. Kg4 Kg2 45. Nh3 f5+ 46. Kxh4 Be7+ 47. Ng5 Kf2 48. Kh5 Ke3 49. Nxe6 Ke4 50. Kg6 Bd6 51. Kg5 Be7+ 52. Kg6 Bd6 53. Kf7 Ba3 54. Kf6 Bb2 55. Ke7 Bxd4 56. Nxd4 Kxd4 57. Kf6 Ke4 58. Kg5 1-0


[Site "https://www.chess.com"]

[Event "Titled Tuesday Blitz October 18 Late 2022"]
[White "Souleidis, Georgios"]
[Black "Rasulov, Vugar"]
[WhiteFideId "4206827"]
[BlackFideId "13402390"]
[WhiteElo "2505"]
[BlackElo "2918"]
[Result "0-1"]
[Round "03"]
[TimeControl "180+1"]
[Date "2022.10.19"]
[WhiteClock "0:00:01"]
[BlackClock "0:01:46"]

1. e4 c5 2. Be2 Nc6 3. d3 Nf6 4. f4 d5 5. e5 Nd7 6. Nf3 e6 7. O-O g6 8. c4 Bg7 9. Nc3 Nb6 10. a4 a5 11. Nb5 O-O 12. Be3 d4 13. Bf2 f6 14. Bh4 Bd7 15. Nd6 Qb8 16. Ne4 fxe5 17. fxe5 Nxe5 18. Nxc5 Qc7 19. Nxd7 Nbxd7 20. Bg3 Nc5 21. Nxd4 Qb6 22. Kh1 Ncxd3 23. Bxd3 Qxd4 24. Be2 Rxf1+ 25. Bxf1 Rd8 26. Qxd4 Rxd4 27. b3 Nd3 28. Rb1 e5 29. Kg1 e4 30. Bc7 Rd7 31. Bg3 Bd4+ 32. Kh1 Bc5 33. h3 b6 34. Kh2 h5 35. h4 Kf7 36. Rd1 Ke6 37. Bxd3 Rxd3 38. Rb1 e3 39. Be1 Kf5 40. Kg3 Ke4 41. Kh2 e2 42. Bg3 Rd1 43. Rb2 Kd3 44. Ra2 Bg1+ 45. Kh3 Bd4 0-1


[Site "https://www.chess.com"]

[Event "Titled Tuesday Blitz October 18 Late 2022"]
[White "Souza Santos, Carlos Roberto"]
[Black "Alfaro, William"]
[WhiteFideId "2150603"]
[BlackFideId "6100457"]
[WhiteElo "2064"]
[BlackElo "2096"]
[Result "0-1"]
[Round "03"]
[TimeControl "180+1"]
[Date "2022.10.19"]
[WhiteClock "0:00:02"]
[BlackClock "0:00:31"]

1. d4 Nf6 2. Bf4 g6 3. e3 Bg7 4. Be2 d6 5. h4 h5 6. Nd2 Nc6 7. Ngf3 Bg4 8. c3 O-O 9. O-O Re8 10. Bg5 e5 11. d5 Ne7 12. c4 Nh7 13. e4 c5 14. Re1 Qb6 15. b3 Kh8 16. Nf1 Ng8 17. Rb1 Rf8 18. N1h2 Bd7 19. Bd3 Nh6 20. Qd2 Ng4 21. Nxg4 Nxg5 22. Nxg5 Bxg4 23. f3 Bd7 24. Kh1 Kg8 25. Rg1 Bh6 26. g4 f6 27. Rbf1 fxg5 28. hxg5 Bg7 29. gxh5 gxh5 30. f4 Rxf4 31. Rxf4 exf4 32. Qxf4 Rf8 33. Qh4 Qd8 34. e5 Bg4 35. e6 Bf3+ 36. Kh2 Be5+ 37. Kh3 Bg4+ 38. Rxg4 hxg4+ 39. Kg2 Qe7 40. Qxg4 Rf4 41. Qh5 Qg7 42. g6 Bd4 43. Qg5 Rf2+ 44. Kh3 Rf6 45. Be4 Be5 46. Qh5 Qh8 47. Kh4 Rf4+ 48. Kg5 Bf6+ 49. Kxf4 Qxh5 50. Bf5 Qh4+ 51. Bg4 Qg5+ 52. Kf3 Be5 0-1


[Site "https://www.chess.com"]

[Event "Titled Tuesday Blitz October 18 Late 2022"]
[White "Taboas Rodriguez, Daniel"]
[Black "Bazeev, German"]
[WhiteFideId "2208466"]
[BlackFideId "24119350"]
[WhiteElo "2484"]
[BlackElo "2758"]
[Result "0-1"]
[Round "03"]
[TimeControl "180+1"]
[Date "2022.10.19"]
[WhiteClock "0:00:51"]
[BlackClock "0:01:07"]

1. d4 Nf6 2. Nf3 b6 3. c4 e6 4. Nc3 Bb4 5. Qc2 Bb7 6. a3 Bxc3+ 7. Qxc3 O-O 8. g3 h6 9. Bg2 d6 10. O-O Nbd7 11. b4 Qe7 12. Bb2 a6 13. Rac1 Rfc8 14. Rfd1 b5 15. d5 e5 16. Nh4 Nb6 17. Nf5 Qd7 18. Ne3 bxc4 19. Nxc4 Bxd5 20. Bxd5 Nfxd5 21. Nxb6 Nxc3 22. Nxd7 Nxd1 23. Rxd1 Rd8 24. Nxe5 dxe5 25. Rc1 f6 26. Rxc7 Rd2 27. Bc3 Rxe2 28. a4 Ra2 29. a5 Rc2 30. Kh1 Rxf2 31. h4 Rc2 32. h5 Rd8 0-1


[Site "https://www.chess.com"]

[Event "Titled Tuesday Blitz October 18 Late 2022"]
[White "Tan, Ralph"]
[Black "Guliyev, Namig"]
[WhiteFideId "30966590"]
[BlackFideId "13400363"]
[WhiteElo "2482"]
[BlackElo "2699"]
[Result "0-1"]
[Round "03"]
[TimeControl "180+1"]
[Date "2022.10.19"]
[WhiteClock "0:00:15"]
[BlackClock "0:00:21"]

1. Nf3 d5 2. g3 Bg4 3. Ne5 Bf5 4. Bg2 Nd7 5. d4 Nxe5 6. dxe5 e6 7. O-O Qd7 8. c4 c6 9. Nc3 Bg6 10. Qb3 Bc5 11. Rd1 Ne7 12. cxd5 cxd5 13. e4 d4 14. Na4 b6 15. Bg5 O-O 16. Rac1 h6 17. Bxe7 Bxe7 18. Nc3 Rac8 19. Nb5 Rxc1 20. Rxc1 a6 21. Na3 b5 22. Rd1 Rd8 23. Nc2 d3 24. Ne3 Bc5 25. Nd5 exd5 26. exd5 Qa7 27. Rd2 Bd4 28. e6 Rc8 29. h4 Rc2 30. Rxd3 Bxd3 31. Qxd3 Rxf2 32. Kh2 fxe6 33. dxe6 Qb7 34. Kh3 Qxg2+ 35. Kg4 Qd5 36. e7 h5+ 37. Kh3 Qh1# 0-1


[Site "https://www.chess.com"]

[Event "Titled Tuesday Blitz October 18 Late 2022"]
[White "Tarasova, Viktoriya"]
[Black "Bulgurlu, Okan"]
[WhiteFideId "4175840"]
[BlackFideId "6352316"]
[WhiteElo "2182"]
[BlackElo "2153"]
[Result "0-1"]
[Round "03"]
[TimeControl "180+1"]
[Date "2022.10.19"]
[WhiteClock "0:02:32"]
[BlackClock "0:01:35"]

1. d4 c5 2. d5 d6 3. Nc3 g6 4. e4 Bg7 5. Bb5+ Bd7 6. a4 a6 7. Be2 Nf6 8. Nf3 Kf8 9. O-O Bg4 10. h3 Bxf3 11. Bxf3 Nbd7 12. Be2 Ne8 13. Be3 h5 14. f4 Bh6 15. Qd2 Kg7 16. f5 Bxe3+ 17. Qxe3 Ne5 18. Nd1 Nf6 19. Nf2 Qb6 20. b3 Qa7 21. Nd3 c4 22. Nxe5 Qxe3+ 0-1


[Site "https://www.chess.com"]

[Event "Titled Tuesday Blitz October 18 Late 2022"]
[White "Tarnowska, Aleksandra"]
[Black "Ardila, Oscar Humberto"]
[WhiteFideId "1180967"]
[BlackFideId "4404742"]
[WhiteElo "1776"]
[BlackElo "1898"]
[Result "0-1"]
[Round "03"]
[TimeControl "180+1"]
[Date "2022.10.19"]
[WhiteClock "0:00:02"]
[BlackClock "0:00:47"]

1. e4 e5 2. Nf3 Nf6 3. Nc3 Nc6 4. Nxe5 Nxe5 5. d4 Ng6 6. e5 Ng8 7. Bc4 Bb4 8. Qf3 Qe7 9. Bd2 Bxc3 10. Bxc3 Nh6 11. O-O-O O-O 12. h4 d6 13. h5 Bg4 14. Qd3 Nf4 15. Qe4 Bxd1 16. Qxf4 dxe5 17. dxe5 Bg4 18. f3 Be6 19. Bd3 Rad8 20. g4 Kh8 21. Bb4 c5 22. Ba5 b6 23. Bd2 c4 24. Be4 f6 25. exf6 Rxf6 26. Qg3 Rff8 27. g5 Ng8 28. h6 Rxd2 29. hxg7+ Qxg7 30. Rxh7+ Qxh7 31. Bxh7 Rfd8 32. Qe5+ Kxh7 33. Qe4+ Kg7 34. Qe5+ Kf7 35. g6+ Kf8 36. Qg7+ Kxg7 0-1


[Site "https://www.chess.com"]

[Event "Titled Tuesday Blitz October 18 Late 2022"]
[White "Thiel, Thomas"]
[Black "Kanter, Eduard"]
[WhiteFideId "4615964"]
[BlackFideId "4103963"]
[WhiteElo "2257"]
[BlackElo "2267"]
[Result "0-1"]
[Round "03"]
[TimeControl "180+1"]
[Date "2022.10.19"]
[WhiteClock "0:01:29"]
[BlackClock "0:00:28"]

1. e4 c5 2. Nc3 g6 3. d4 cxd4 4. Qxd4 Nf6 5. Be3 Nc6 6. Qd2 Bg7 7. f3 O-O 8. Nge2 d6 9. O-O-O Ne5 10. Nf4 Bd7 11. Kb1 Rc8 12. Bxa7 Qa5 13. Be3 Ra8 14. a3 Rfc8 15. Ncd5 Nxd5 16. Qxa5 Nxe3 17. Qd2 Nxf1 18. Rhxf1 Nc4 19. Qb4 Bxb2 20. Nd5 Bxa3 21. Qb3 Kf8 22. Rd4 b5 23. Rfd1 Bb2 24. R4d3 Ra1# 0-1


[Site "https://www.chess.com"]

[Event "Titled Tuesday Blitz October 18 Late 2022"]
[White "Timmermans, Mark"]
[Black "Ter-Sahakyan, Samvel"]
[WhiteFideId "1026399"]
[BlackFideId "13302531"]
[WhiteElo "2460"]
[BlackElo "2604"]
[Result "1-0"]
[Round "03"]
[TimeControl "180+1"]
[Date "2022.10.18"]
[WhiteClock "0:00:29"]
[BlackClock "0:00:02"]

1. b4 e5 2. Bb2 Bxb4 3. Bxe5 Nf6 4. Nc3 c6 5. a3 Be7 6. e3 O-O 7. Nf3 d5 8. Be2 Nbd7 9. Bg3 Re8 10. O-O Nf8 11. d3 Ng6 12. Nb1 Nh5 13. Nbd2 Nxg3 14. hxg3 h5 15. d4 Bd6 16. c4 h4 17. gxh4 Nxh4 18. cxd5 cxd5 19. Bb5 Re6 20. g3 Rg6 21. Ne5 Bxe5 22. dxe5 Bg4 23. Be2 Bh3 24. Re1 Nf5 25. Bh5 Nxg3 26. Bxg6 Ne2+ 27. Kh2 Qh4 28. Rxe2 Bf5+ 29. Kg1 Qg4+ 30. Kf1 Qh3+ 31. Ke1 Bxg6 32. Nf1 Rc8 33. Rc1 Rd8 34. Rd2 Bh5 35. Qa4 Bf3 36. Qxa7 Bg2 37. Qa5 Re8 38. Qb5 Re6 39. Ng3 Qh2 40. Rc8+ Kh7 41. Qd3+ Rg6 42. Qf5 Qg1+ 43. Ke2 Qa1 44. Qh5+ Rh6 45. Qxf7 Rh1 46. Qf5+ 1-0


[Site "https://www.chess.com"]

[Event "Titled Tuesday Blitz October 18 Late 2022"]
[White "Torres Boch, Jose Francisco"]
[Black "Vargas, Mauricio"]
[WhiteFideId "2278383"]
[BlackFideId "4404572"]
[WhiteElo "2073"]
[BlackElo "2025"]
[Result "1-0"]
[Round "03"]
[TimeControl "180+1"]
[Date "2022.10.19"]
[WhiteClock "0:02:23"]
[BlackClock "0:02:09"]

1. e4 d5 2. exd5 Qxd5 3. Nc3 Qa5 4. d4 c6 5. Bd2 Qc7 6. Nf3 Nf6 7. Bc4 Bg4 8. h3 Bh5 9. Qe2 e6 10. g4 Bg6 11. O-O-O Bd6 12. Ne5 Nd5 13. f4 Nd7 14. f5 exf5 15. Nxg6+ Kd8 16. Nxh8 f4 17. Nxf7+ Kc8 18. Qe8+ Qd8 19. Nxd6+ Kc7 20. Bxd5 cxd5 21. Qxd8+ Rxd8 22. Bxf4 Kc6 23. Rhe1 Nb6 24. Re6 Nc4 25. Nxc4+ Kd7 26. Rd6+ Ke7 27. Re1+ 1-0


[Site "https://www.chess.com"]

[Event "Titled Tuesday Blitz October 18 Late 2022"]
[White "Tsaruk, Maksim"]
[Black "Madaminov, Mukhiddin"]
[WhiteFideId "13511173"]
[BlackFideId "14210703"]
[WhiteElo "2273"]
[BlackElo "2341"]
[Result "0-1"]
[Round "03"]
[TimeControl "180+1"]
[Date "2022.10.18"]
[WhiteClock "0:00:03"]
[BlackClock "0:00:08"]

1. e4 e5 2. Nf3 Nc6 3. Bb5 a6 4. Ba4 Nf6 5. O-O Nxe4 6. d4 b5 7. Bb3 d5 8. dxe5 Be6 9. c3 Be7 10. Nbd2 O-O 11. Bc2 f5 12. exf6 Nxf6 13. Ng5 Bg4 14. f3 Bc8 15. Re1 Qd6 16. Qe2 Re8 17. Nb3 h6 18. Bg6 hxg5 19. Bxe8 Nxe8 20. Nd4 Nxd4 21. Qxe7 Qxe7 22. Rxe7 Nc2 23. Rxe8+ Kf7 24. Rxc8 Rxc8 25. Rb1 Kg6 26. Bd2 d4 27. cxd4 Nxd4 28. Kf2 c5 29. Be3 Ne6 30. Rd1 Rc6 31. Rd5 c4 32. g4 Kf6 33. a3 c3 34. bxc3 Rxc3 35. Rf5+ Ke7 36. a4 b4 37. Ra5 Rc6 38. Rd5 Rc2+ 39. Kg3 b3 40. Rd3 b2 41. Rb3 Kd6 42. a5 Kd5 43. Rb6 Nc7 44. Bxg5 Nb5 45. Rxa6 b1=Q 46. Kh4 Rxh2+ 47. Kg3 Qg1+ 48. Kf4 Qd4+ 49. Kf5 Rf2 50. Kg6 Rxf3 51. Rb6 Qxg4 52. Rxb5+ Kc4 53. Rb6 Qe4+ 54. Kxg7 Qe5+ 55. Bf6 Qxa5 56. Rc6+ Kd5 57. Rc8 Qa7+ 58. Kg6 Rxf6+ 59. Kxf6 Qa6+ 60. Ke7 Qxc8 0-1


[Site "https://www.chess.com"]

[Event "Titled Tuesday Blitz October 18 Late 2022"]
[White "Tsyhanchuk, Stanislav"]
[Black "Hirneise, Jens"]
[WhiteFideId "13505130"]
[BlackFideId "24614734"]
[WhiteElo "2173"]
[BlackElo "2344"]
[Result "1-0"]
[Round "03"]
[TimeControl "180+1"]
[Date "2022.10.19"]
[WhiteClock "0:00:20"]
[BlackClock "0:00:10"]

1. e4 Nf6 2. e5 Nd5 3. d4 d6 4. c4 Nb6 5. f4 g6 6. Nc3 Bg7 7. Be3 O-O 8. c5 N6d7 9. Nf3 b6 10. b4 a5 11. a3 axb4 12. axb4 Rxa1 13. Qxa1 bxc5 14. bxc5 dxc5 15. dxc5 Bb7 16. Bc4 Bxf3 17. gxf3 Bxe5 18. fxe5 Nxe5 19. Be2 Nd3+ 20. Bxd3 Qxd3 21. Kf2 Nc6 22. Rd1 Qf5 23. Nd5 Qh3 24. Bf4 Qh4+ 25. Bg3 Qc4 26. Qc3 Qa2+ 27. Rd2 Qb1 28. Bf4 Ra8 29. Bh6 e5 30. Kg2 Qf5 31. h4 Qh5 32. Nf6+ Kh8 33. Nxh5 gxh5 34. Qe3 Rg8+ 35. Kf2 Rg6 36. Bg5 h6 37. Bxh6 Kh7 38. Bg5 f6 39. Rd7+ Kg8 40. Bxf6 Rxf6 41. Qg5+ 1-0


[Site "https://www.chess.com"]

[Event "Titled Tuesday Blitz October 18 Late 2022"]
[White "Turutin, Alexander"]
[Black "Jimenez Fernandez, Rebeca"]
[WhiteFideId "4180623"]
[BlackFideId "32070934"]
[WhiteElo "2402"]
[BlackElo "1946"]
[Result "1-0"]
[Round "03"]
[TimeControl "180+1"]
[Date "2022.10.19"]
[WhiteClock "0:01:21"]
[BlackClock "0:00:16"]

1. c4 c5 2. Nc3 Nc6 3. g3 g6 4. Bg2 Bg7 5. e4 d6 6. Nge2 e5 7. O-O Be6 8. d3 Qd7 9. Nd5 O-O-O 10. b4 Bh3 11. bxc5 dxc5 12. Be3 b6 13. Rb1 Nb4 14. Nec3 h5 15. a3 Bxg2 16. Kxg2 h4 17. axb4 hxg3 18. hxg3 Qh3+ 19. Kf3 Qh5+ 20. g4 Qh3+ 21. Ke2 Qxg4+ 22. Kd2 Qe6 23. bxc5 Nf6 24. cxb6 a6 25. Qa4 Nxd5 26. Qxa6+ Kd7 27. cxd5 Qd6 28. Qb5+ Ke7 29. Bc5 1-0


[Site "https://www.chess.com"]